 Dungeon Crawl Stone Soup version 0.25.1-2-g60ff931df9 (webtiles) character file.

Game seed: 5482676575875567445

1644 Martska the Transmogrifier (level 8, 0/70 HPs)
             Began as a Naga Transmuter on Oct 14, 2020.
             Slain by Maggie
             ... wielding a +2 halberd of draining
              (1 damage)
             ... on level 6 of the Dungeon.
             The game lasted 00:15:39 (7531 turns).

Martska the Transmogrifier (Naga Transmuter)        Turns: 7531, Time: 00:15:40

Health: 0/70       AC:  2    Str: 13    XL:     8   Next: 99%
Magic:  8/12       EV: 18    Int: 16    God:
Gold:   228        SH:  0    Dex: 22    Spells: 4/13 levels left

rFire    . . .     SeeInvis +     - Unarmed
rCold    . . .     Gourm    .   (shield currently unavailable)
rNeg     . . .     Faith    .   (armour currently unavailable)
rPois    x         Spirit   .   (helmet currently unavailable)
rElec    .         Reflect  .   (cloak currently unavailable)
rCorr    .         Harm     .   (gloves currently unavailable)
MR       +....                  (no barding)
Stlth    ++........             (no amulet)
HPRegen  0.21/turn              t - +6 ring of dexterity
MPRegen  0.13/turn              u - ring of flight

@: about to teleport, spider-form, mesmerised, drained
A: tiny, see invisible, mutation resistance 1, slow metabolism 1, spit poison 1,
AC +2
a: Spit Poison, End Transformation, Evoke Flight


You were on level 6 of the Dungeon.
You were not hungry.
You were a venomous arachnid creature.
You visited 1 branch of the dungeon, and saw 6 of its levels.

You collected 228 gold pieces.

Inventory:

Hand Weapons
 g - a +0 short sword
 n - a +0 scythe of venom
 w - a +2 dagger of draining
Missiles
 a - 76 arrows
Armour
 b - a +0 robe (melded)
 d - a +0 kite shield of poison resistance
 i - a +0 helmet (melded)
Jewellery
 t - a +6 ring of dexterity (left front leg)
 u - a ring of flight (right front leg)
 y - an uncursed amulet of inaccuracy
Wands
 o - a wand of acid (9)
Scrolls
 c - a scroll of identify
 e - 2 scrolls of random uselessness
 h - 2 scrolls of teleportation
 k - a scroll of enchant armour
 l - 2 scrolls of fog
 p - 4 scrolls of enchant weapon
 q - 3 scrolls of magic mapping
 x - 2 scrolls of remove curse
Potions
 j - a potion of lignification
 m - a potion of cancellation
 r - 2 potions of heal wounds {unknown}
 s - a potion of curing
 v - 2 potions of degeneration {unknown}
 z - a potion of stabbing {unknown}
 B - a potion of invisibility {unknown}
Comestibles
 f - 4 rations


   Skills:
 * Level 3.6(2.5) Fighting
 - Level 1.5(0.5) Dodging
 - Level 2.0(0.9) Shields
 * Level 4.7(3.6) Unarmed Combat
 + Level 3.0(2.0) Spellcasting
 - Level 9.2(7.9) Transmutations


You had 4 spell levels left.
You knew the following spells:

 Your Spells              Type           Power        Failure   Level  Hunger
a - Beastly Appendage     Tmut           ####..       4%          1    #......
b - Spider Form           Tmut/Pois      ##........   28%         3    ###....
c - Blade Hands           Tmut           ####......   43%         5    ######.

Your spell library contained the following spells:

 Spells                   Type           Power        Failure   Level  Hunger
 Sticks to Snakes         Tmut           ####....     6%          2    ###....
 Ice Form                 Ice/Tmut       ##......     61%         4    #####..


Dungeon Overview and Level Annotations

Branches:
Dungeon (6/15)             Temple (0/1) D:5

Altars:
Fedhas
Gozag
Kikubaaqudgha
Vehumet
Zin

Shops:
D:4 :

Annotations:
D:6 Maggie


Innate Abilities, Weirdness & Mutations

You cannot wear boots.
((Your serpentine skin is tough. (AC +2)))
You have supernaturally acute eyesight. (SInv)
((Armour fits poorly on your strangely shaped body.))
((Your system is resistant to poisons. (rPois)))
((You cover ground very slowly.))
You have a slow metabolism.
You can spit poison.
((You are partially covered in large bone plates. (SH +4)))
You are somewhat resistant to further mutation.


Message History

The jackal skeleton misses you. The jackal skeleton misses you.
Maggie hits you with a +2 halberd of draining!
You feel drained.
You barely miss Maggie. The jackal skeleton closely misses you.
Maggie hits you with a +2 halberd of draining!
* * * LOW HITPOINT WARNING * * *
You feel drained.
* * * LOW HITPOINT WARNING * * *
As you read the scroll of teleportation, it crumbles to dust.
You feel strangely unstable.
The jackal skeleton completely misses you.
You cannot move away from Maggie!
You hit Maggie.
Maggie is poisoned.
Maggie is lightly wounded.
The jackal skeleton misses you.
Maggie hits you with a +2 halberd of draining.
* * * LOW HITPOINT WARNING * * *
You feel drained.
You die...

##. ... #..# #
.. #...#.#..
####.......
#.......#.# ..
.........####..#
#......Z..#....#
##.....s@....#
#............#
#............#
##...........##
###...........
##....<....#.
#..#..#....# #
##....#....#.#
#.##....#....


You could see Maggie (mesmerising, very poisoned) and a jackal skeleton.

Vanquished Creatures
  Sigmund (D:3)
  A hungry ghost (D:4)
  An orc warrior (D:6)
  A sky beast (D:5)
  2 ogres (D:5)
  A bullfrog (D:5)
  A water moccasin zombie (D:6)
  3 scorpions
  A howler monkey (D:5)
  A bullfrog zombie (D:6)
  3 crimson imps
  A quasit (D:4)
  A hound (D:5)
  2 orc priests (D:6)
  2 iguanas
  A worker ant (D:6)
  5 orc wizards
  Natasha (D:2)
  4 gnolls
  8 adders
  An ooze (D:2)
  4 worms
  A leopard gecko (D:4)
  10 orcs
  11 bats
  4 giant cockroaches
  8 goblins
  4 hobgoblins
  4 jackals (D:5)
  6 kobolds
  3 quokkas
  3 ball pythons
  3 frilled lizards
  5 rats
108 creatures vanquished.

Notes
Turn   | Place    | Note
-------+----------+-------------------------------------------
     0 | D:1      | Martska the Naga Transmuter began the quest for the Orb.
     0 | D:1      | Reached XP level 1. HP: 18/18 MP: 3/3
   413 | D:1      | Reached XP level 2. HP: 24/25 MP: 5/5
   743 | D:2      | Reached skill level 3 in Transmutations
  1218 | D:2      | Reached XP level 3. HP: 23/31 MP: 6/6
  1294 | D:2      | Learned a level 3 spell: Spider Form
  2130 | D:2      | Reached skill level 4 in Transmutations
  2306 | D:2      | Noticed Natasha
  2313 | D:2      | Killed Natasha
  2313 | D:2      | Reached XP level 4. HP: 30/38 MP: 3/7
  2843 | D:3      | Reached skill level 5 in Transmutations
  2852 | D:3      | Reached XP level 5. HP: 37/44 MP: 5/8
  2958 | D:3      | Found a blossoming altar of Fedhas.
  3716 | D:3      | Noticed Sigmund
  3746 | D:3      | Killed Sigmund
  3746 | D:3      | Reached skill level 6 in Transmutations
  3746 | D:3      | Reached XP level 6. HP: 22/51 MP: 6/9
  3758 | D:3      | Gained mutation: You are partially covered in large bone
                  | plates. (SH +4) [potion of mutation]
  3758 | D:3      | Gained mutation: You are somewhat resistant to further
                  | mutation. [potion of mutation]
  4189 | D:3      | Learned a level 5 spell: Blade Hands
  4234 | D:4      | Reached skill level 7 in Transmutations
  4420 | D:4      | Noticed a hungry ghost
  4456 | D:4      | Killed a hungry ghost
  4456 | D:4      | Reached XP level 7. HP: 34/57 MP: 8/10
  4745 | D:4      | Reached skill level 8 in Transmutations
  5155 | D:4      | Found an ancient bone altar of Kikubaaqudgha.
  5225 | D:4      | Found Cuobbas's Book Emporium.
  5442 | D:5      | Entered Level 5 of the Dungeon
  5619 | D:5      | Reached skill level 9 in Transmutations
  5619 | D:5      | Reached XP level 8. HP: 64/64 MP: 7/11
  5662 | D:5      | Found a radiant altar of Vehumet.
  5662 | D:5      | Found an opulent altar of Gozag.
  6188 | D:5      | Found a staircase to the Ecumenical Temple.
  6561 | D:6      | Found a glowing silver altar of Zin.
  6879 | D:6      | Reached skill level 1 in Shields
  7522 | D:6      | Noticed Maggie
  7529 | D:6      | HP: 3/70 [Maggie/+2 halberd of draining (7)]
  7531 | D:6      | HP: 1/70 [Maggie/+2 halberd of draining (3)]
  7531 | D:6      | Slain by Maggie

Illustrated notes

Levels and vault maps discovered:
D:1:      sevenhm_arrival_forest_fort_small_4, layout_rooms, st_stairs_10
D:2:      layout_loops_ring, hangedman_decor_points, uniq_natasha
D:3:      layout_loops_cross, eino_tiny_chamber, fedhas_altar_2, uniq_sigmund
D:4:      old_forge, layout_loops_ring, kiku_gazebo_garden_becter, serial_shops,
          nicolae_shop_behind_doors
D:5:      layout_loops_ring, gammafunk_temple_overflow_statue,
          minmay_temple_entry_antechambers, first_ration, serial_bayou_pond_a
D:6:      layout_cave_pools, overflow_temple_1_default, uniq_crazy_yiuf_cottage,
          uniq_maggie

Skill      XL: |  1  2  3  4  5  6  7  8 |
---------------+-------------------------+-----
Transmutations | 3 4 5 6 7 9 |  9.2
Fighting       | 3 |  3.6
Unarmed Combat | 4 |  4.7
Shields        | 2 |  2.0
Spellcasting   | 3 |  3.0
Dodging        | |  1.5

Action                   |  1- 3 |  4- 6 |  7- 9 || total
-------------------------+-------+-------+-------++-------
Melee: Unarmed           |    13 |    65 |   114 ||   192
       Short sword       |    66 |    25 |       ||    91
       Punch             |     2 |       |       ||     2
       Dagger            |       |    22 |       ||    22
       Scythe            |       |    14 |    41 ||    55
 Cast: Spider Form       |     1 |    10 |     8 ||    19
       Blade Hands       |       |       |     5 ||     5
 Abil: Spit Poison       |    19 |    10 |     7 ||    36
  Use: Scroll            |     4 |     3 |     7 ||    14
       Potion            |       |     4 |     2 ||     6
 Stab: Sleeping          |       |       |     3 ||     3
       Held in net/web   |       |       |     1 ||     1
  Eat: Chunk             |     4 |     8 |     1 ||    13
       Ration            |       |     2 |     4 ||     6
Armor: Robe              |    19 |    18 |    33 ||    70
       Skin              |       |     4 |     9 ||    13
Dodge: Dodged            |    54 |    80 |   142 ||   276
Block: Other             |       |     5 |    14 ||    19
       Kite shield       |       |       |     7 ||     7
